 Dungeon Crawl Stone Soup version 0.24.0-13-gcf9b319 (webtiles) character file.

Game seed: 6577881734968148041, levelgen mode: deterministic

396 qdestroyer the Chopper (level 6, 0/56 HPs)
             Began as a Minotaur Berserker on Dec 9, 2019.
             Was a Priest of Trog.
             Killed from afar by an orc wizard (3 damage)
             ... with a puff of flame
             ... on level 4 of the Dungeon.
             The game lasted 00:04:32 (2589 turns).

qdestroyer the Chopper (Minotaur Berserker)         Turns: 2589, Time: 00:04:34

Health: 0/56       AC:  5    Str: 23    XL:     6   Next: 52%
Magic:  5/5        EV:  8    Int:  4    God:    Trog [***...]
Gold:   174        SH: 13    Dex: 10    Spells: 5/5 levels left

rFire    + . .     SeeInvis .   a - +1 hand axe
rCold    . . .     Gourm    .   g - +1 large shield
rNeg     . . .     Faith    .   b - +0 animal skin
rPois    .         Spirit   .   (helmet restricted)
rElec    .         Reflect  .   (no cloak)
rCorr    .         Harm     .   (no gloves)
MR       .....                  p - +2 pair of boots
Stlth    +.........             (no amulet)
HPRegen  0.18/turn              e - ring of protection from fire
MPRegen  0.09/turn              (no ring)

@: lethally poisoned (0 -> -33)
A: retaliatory headbutt, horns 2
a: Berserk, Trog's Hand, Renounce Religion


You were on level 4 of the Dungeon.
You worshipped Trog.
Trog was most pleased with you.
You were hungry.

You visited 1 branch of the dungeon, and saw 4 of its levels.

You collected 174 gold pieces.

Inventory:

Hand Weapons
 a - a +1 hand axe (weapon)
Armour
 b - a +0 animal skin (worn)
 g - a +1 large shield (worn)
 p - a +2 pair of boots (worn)
Jewellery
 e - a ring of protection from fire (left hand)
Wands
 m - a wand of flame (24)
Potions
 d - a potion of curing {unknown}
 h - a potion of might {unknown}
 l - a potion of flight {unknown}
 o - a potion of agility {unknown}
Comestibles
 c - 7 rations
 f - a chunk of flesh


   Skills:
 + Level 5.4 Fighting
 + Level 7.1 Axes
 + Level 2.6 Armour
 + Level 3.1 Dodging
 + Level 1.1 Stealth
 + Level 0.8 Shields


You had 5 spell levels left.
You didn't know any spells.
Your spell library was empty.

Dungeon Overview and Level Annotations

Branches:
Dungeon (4/15)
 Temple: D:4-7

Altars:


Innate Abilities, Weirdness & Mutations

You reflexively headbutt those who attack you in melee.
You have a pair of horns on your head.


Message History

The orc wizard hits you but does no damage.
You are more poisoned.
The hound bites you.
* * * LOW HITPOINT WARNING * * *
You miss the orc wizard.
The orc wizard is almost dead.
You miss the hound.
* * * LOW HITPOINT WARNING * * *
You feel very sick. The hound barely misses you. You furiously retaliate!
You headbutt the hound.
The orc wizard points at you and mumbles some strange words.
The puff of flame hits you. You resist.
* * * LOW HITPOINT WARNING * * *
* * * LOW HITPOINT WARNING * * *
You feel very sick. The hound bites you.
* * * LOW HITPOINT WARNING * * *
The orc wizard points at you and mumbles some strange words.
The puff of flame hits you. You resist.
You die...

##.# P...
..... ..P..
...... #.....#
##.....##
#@......#
#.....oh....##
###...........
##..........
##.......P.
....#.≈≈≈≈
.(...≈≈≈≈≈
#.#....%≈≈≈


You could see a hound and an orc wizard.

Vanquished Creatures
  2 orc priests (D:3)
  3 orc wizards (D:3)
  A worker ant (D:3)
  5 adders
  8 gnolls
  An ooze (D:1)
  4 worms
  2 dart slugs (D:2)
  2 leopard geckos
  4 orcs (D:3)
  3 giant cockroaches
  7 goblins
  6 hobgoblins
  11 jackals
  A quokka (D:2)
  A ball python (D:1)
  7 bats
  2 frilled lizards
  A jackal zombie (D:4)
  7 kobolds
  A leopard gecko zombie (D:4)
  23 rats
102 creatures vanquished.

Notes
Turn   | Place    | Note
-------+----------+-------------------------------------------
     0 | D:1      | qdestroyer the Minotaur Berserker began the quest for the
                  | Orb.
     0 | D:1      | Reached XP level 1. HP: 19/19 MP: 0/0
    74 | D:1      | Reached skill level 4 in Axes
    74 | D:1      | Reached XP level 2. HP: 27/27 MP: 1/1
   268 | D:1      | Reached ** piety under Trog
   272 | D:1      | Reached XP level 3. HP: 28/33 MP: 2/2
   569 | D:2      | Reached skill level 5 in Axes
   718 | D:2      | Reached XP level 4. HP: 41/41 MP: 3/3
   942 | D:2      | Reached *** piety under Trog
   942 | D:2      | Reached XP level 5. HP: 38/47 MP: 4/4
  1574 | D:3      | Reached skill level 5 in Fighting
  1766 | D:3      | Reached skill level 6 in Axes
  2114 | D:3      | Reached skill level 1 in Stealth
  2114 | D:3      | Reached XP level 6. HP: 50/56 MP: 5/5
  2561 | D:3      | Reached skill level 7 in Axes
  2589 | D:4      | Killed from afar by an orc wizard

Levels and vault maps discovered:
D:1:      grunt_arrival_crossed_arrows, layout_rooms, minmay_pentomino_s2
D:2:      layout_basic, first_ration, minmay_rat_hole
D:3:      layout_basic
D:4:      layout_cave_pools, minmay_temple_entry_arrows, serial_undead,
          serial_undead_f, serial_undead_b, serial_undead_f, serial_undead_f,
          serial_shops, shop, uniq_menkaure

Skill      XL: |  1  2  3  4  5  6 |
---------------+-------------------+-----
Axes           | 4 5 6 7 |  7.1
Fighting       | 4 5 |  5.4
Stealth        | 1 |  1.1
Dodging        | 3 |  3.1
Armour         | |  2.6
Shields        | |  0.8

Action                   |  1- 3 |  4- 6 || total
-------------------------+-------+-------++-------
Melee: Hand axe          |    72 |   147 ||   219
       Headbutt          |     7 |    31 ||    38
Invok: Berserk           |       |     3 ||     3
       Trog's Hand       |       |     1 ||     1
  Use: Scroll            |     1 |     5 ||     6
 Stab: Sleeping          |     2 |       ||     2
  Eat: Chunk             |       |     8 ||     8
Armor: Animal skin       |    11 |    29 ||    40
Dodge: Dodged            |    49 |    49 ||    98
Block: Large shield      |       |    55 ||    55
